Map: Triton LE

Players

ViBE - Winner!

  • Race: Zerg Zerg
  • League: Master
  • Spawn Location: 5:00

LennoxLewis

  • Race: Protoss Protoss
  • League: Master
  • Spawn Location: 11:00

VOD

Have the link to the VOD?

Description

Time

  • Played on: Dec. 26, 2019, 3:19 a.m.
  • Length: 14:31
Show
View Real Time Build Order
Export as new Build Order

ViBE Zerg - Winner!

Build Orders: Hatch First 

Get SALT Encoding   

  12  0:01  Drone  
  13  0:14  Overlord  
  13  0:18  Drone  
  14  0:32  Drone x2  
  16  0:50  Hatchery  
  16  0:53  Drone  
  16  0:56  Drone  
  17  0:59  Drone  
  18  1:11  Extractor  
  18  1:16  Spawning Pool  
  18  1:17  Drone  
  17  1:21  Drone  
  18  1:29  Drone  
  19  1:41  Overlord  
  19  1:52  Drone  
  20  2:02  Drone x2, Queen  
  20  2:03  Queen  
  26  2:13  Drone x2  
  28  2:17  Metabolic Boost  
  28  2:26  Drone x2  
  30  2:38  Zergling x4  
  30  2:41  Hatchery  
  31  2:55  Drone x3, Queen  
  36  2:58  Overlord  
  36  3:10  Overlord  
  36  3:18  Zergling x8  
  36  3:19  Zergling x4  
  41  3:20  Drone  
  41  3:37  Drone x4  
  43  3:44  Spore Crawler  
  43  3:45  Spore Crawler  
  43  3:46  Queen  
  43  3:47  Drone  
  43  3:48  Drone  
  45  3:53  Drone x4  
  50  4:02  Drone  
  50  4:03  Drone x3  
  53  4:14  Overlord  
  53  4:16  Spore Crawler  
  52  4:25  Drone x6  
  52  4:26  Lair  
  58  4:32  Drone x5  
  58  4:37  Overlord  
  63  4:40  Drone  
  63  4:41  Drone x2  
  63  4:45  Drone  
  65  4:55  Drone x3, Queen x2  
  71  5:05  Extractor  
  70  5:15  Hatchery  
  70  5:19  Drone  
  70  5:20  Drone x4  
  74  5:24  Overlord x2  
  73  5:33  Hydralisk Den  
  73  5:34  Evolution Chamber  
  71  5:37  Baneling Nest  
  71  5:40  Extractor  
  71  5:42  Extractor, Overlord x7  
  68  5:43  Extractor  
  68  5:44  Extractor  
  68  5:45  Drone x7  
  71  6:12  Grooved Spines  
  71  6:14  Zerg Melee Weapons Level 1  
  71  6:16  Drone x3  
  74  6:19  Drone x3  
  74  6:20  Drone x3  
  74  6:22  Zergling x12  
  86  6:35  Drone  
  86  6:38  Zergling x10  
  92  6:43  Spore Crawler, Drone  
  92  6:44  Hatchery  
  91  6:47  Drone x2  
  93  6:56  Drone  
  93  6:57  Drone x3  
  93  7:00  Centrifical Hooks  
  96  7:15  Drone x11  
  107  7:16  Spire  
  106  7:30  Drone x5  
  106  7:31  Extractor x2  
  106  7:35  Drone  
  106  7:36  Drone x5  
  115  7:37  Hatchery  
  115  7:40  Zergling x6  
  115  7:41  Zergling x6  
  120  7:44  Muscular Augments  
  120  7:49  Hatchery  
  119  7:56  Extractor  
  119  7:58  Extractor  
  117  8:05  Zergling x32, Infestation Pit  
  133  8:07  Spore Crawler  
  130  8:24  Overlord x8  
  130  8:31  Zerg Flyer Armor Level 1  
  130  8:38  Zerg Melee Weapons Level 2  
  130  8:42  Hive  
  130  8:44  Zergling x6  
  130  8:45  Zergling x30  
  142  9:15  Corruptor x17  
  168  9:19  Corruptor  
  168  9:20  Corruptor  
  172  9:38  Corruptor x6  
  172  9:44  Corruptor  
  172  9:45  Corruptor  
  186  9:55  Corruptor x3  
  186  9:56  Corruptor  
  192  10:04  Adrenal Glands  
  192  10:44  Drone x2  
  192  10:45  Drone x4  
  198  10:51  Zerg Flyer Armor Level 2  
  198  10:54  Zerg Melee Weapons Level 3, Extractor  
  198  10:55  Extractor  
  176  11:10  Zergling x42  
  176  11:11  Zergling x38  
  195  11:12  Zergling x2  
  195  11:13  Zergling x2  
  161  12:07  Zergling x2  
  161  12:08  Zergling x54  
  176  12:09  Zergling x4  
  187  12:22  Zergling x14  
  194  12:26  Zergling x2  
  194  12:27  Zergling x4  
  197  12:30  Zergling x2  
  197  12:31  Zergling x2  
  197  12:35  Baneling x15  
  197  12:36  Baneling x11  
  199  12:37  Baneling x5  
  176  13:18  Zergling x2  
  176  13:19  Zergling x48  
  186  13:20  Zergling x24  
  194  13:42  Zergling x10  
  199  13:48  Baneling x4  
  199  13:49  Baneling x22  
  199  13:52  Baneling x3  
Show
View Real Time Build Order
Export as new Build Order

LennoxLewis Protoss 

Build Orders: 1 Gate Expand, Oracle Opening 

Get SALT Encoding   

  12  0:00  Probe  
  13  0:12  Probe  
  14  0:20  Pylon  
  14  0:24  Probe  
  15  0:38  Probe (Chrono Boost)  
  15  0:41  Gateway  
  16  0:47  Probe (Chrono Boost)  
  16  0:48  Assimilator  
  17  0:52  Probe (Chrono Boost)  
  18  1:04  Probe  
  19  1:16  Probe  
  20  1:25  Nexus  
  20  1:36  Cybernetics Core  
  20  1:39  Probe  
  21  1:43  Assimilator  
  21  1:50  Pylon  
  21  1:54  Probe  
  22  2:06  Probe  
  23  2:09  Adept (Chrono Boost)  
  25  2:19  Probe  
  26  2:23  Stargate  
  26  2:31  Probe, Adept (Chrono Boost)  
  29  2:38  Probe (Chrono Boost)  
  29  2:40  Warp Gate  
  31  2:49  Probe (Chrono Boost)  
  31  2:50  Probe (Chrono Boost)  
  32  2:52  Adept  
  32  2:55  Probe (Chrono Boost)  
  32  2:58  Probe  
  36  3:05  Probe  
  37  3:06  Oracle (Chrono Boost)  
  37  3:10  Probe  
  41  3:17  Probe  
  41  3:22  Pylon, Probe  
  42  3:29  Probe  
  44  3:34  Probe  
  44  3:38  Adept  
  44  3:40  Oracle (Chrono Boost)  
  44  3:41  Probe  
  43  3:46  Pylon, Probe  
  47  3:53  Probe  
  46  3:58  Pylon, Probe  
  47  4:03  Assimilator  
  47  4:05  Probe  
  47  4:07  Oracle (Chrono Boost)  
  48  4:10  Probe  
  52  4:17  Probe  
  52  4:19  Pylon  
  52  4:20  Assimilator  
  52  4:22  Probe  
  54  4:28  Adept  
  54  4:29  Probe  
  57  4:34  Probe  
  57  4:36  Pylon  
  58  4:38  Void Ray (Chrono Boost)  
  58  4:41  Probe  
  63  4:46  Probe  
  63  4:51  Adept  
  66  4:53  Probe  
  66  4:59  Probe  
  66  5:06  Probe  
  67  5:08  Robotics Facility  
  67  5:11  Probe  
  68  5:16  Pylon  
  68  5:18  Void Ray (Chrono Boost), Probe  
  73  5:23  Probe  
  74  5:30  Probe  
  74  5:35  Probe  
  76  5:37  Shield Battery  
  76  5:42  Probe  
  77  5:47  Probe  
  78  5:51  Void Ray (Chrono Boost)  
  78  5:54  Nexus, Probe  
  78  5:56  Pylon  
  83  5:59  Probe  
  83  6:01  Observer, Forge, Robotics Bay  
  85  6:09  Probe  
  86  6:15  Probe  
  87  6:19  Pylon  
  87  6:21  Void Ray (Chrono Boost), Probe  
  87  6:24  Stargate  
  92  6:29  Shield Battery  
  92  6:31  Shield Battery  
  92  6:35  Probe  
  92  6:37  Probe  
  94  6:40  Photon Cannon  
  94  6:43  Photon Cannon  
  94  6:46  Pylon, Disruptor (Chrono Boost)  
  94  6:47  Probe  
  94  6:50  Assimilator  
  94  6:52  Assimilator  
  98  7:00  Probe  
  99  7:04  Pylon  
  103  7:09  Void Ray (Chrono Boost)  
  103  7:12  Photon Cannon  
  103  7:14  Probe, Disruptor (Chrono Boost)  
  107  7:18  Sentry  
  107  7:20  Photon Cannon  
  109  7:23  Photon Cannon  
  109  7:24  Photon Cannon  
  109  7:26  Shield Battery  
  109  7:27  Shield Battery  
  109  7:28  Photon Cannon  
  109  7:30  Photon Cannon  
  113  7:37  Void Ray (Chrono Boost)  
  113  7:40  Pylon  
  113  7:43  Pylon  
  113  7:46  Disruptor (Chrono Boost)  
  116  7:53  Protoss Air Weapons Level 1 (Chrono Boost)  
  116  7:57  Void Ray (Chrono Boost)  
  120  8:01  Pylon  
  120  8:04  Fleet Beacon  
  120  8:08  Photon Cannon  
  120  8:11  Disruptor  
  120  8:13  Void Ray (Chrono Boost)  
  124  8:21  Probe  
  124  8:23  Photon Cannon  
  124  8:24  Photon Cannon  
  128  8:29  Zealot  
  130  8:43  Unknown, Probe  
  130  8:45  Stargate  
  130  8:46  Pylon  
  131  8:51  Zealot  
  131  8:54  Pylon  
  133  8:55  Photon Cannon  
  133  8:58  Carrier (Chrono Boost)  
  133  8:59  Photon Cannon  
  139  9:03  Pylon  
  139  9:16  Carrier (Chrono Boost)  
  139  9:18  Photon Cannon  
  145  9:27  Pylon x2  
  149  9:33  Carrier (Chrono Boost)  
  151  9:53  Nexus  
  151  9:56  Pylon  
  151  9:57  Void Ray (Chrono Boost)  
  155  10:01  Protoss Air Armor Level 1 (Chrono Boost)  
  155  10:04  Pylon, Photon Cannon, Assimilator  
  155  10:08  Stargate, Assimilator  
  155  10:15  Void Ray (Chrono Boost)  
  155  10:19  Twilight Council  
  153  10:21  Gateway x2  
  153  10:23  Gateway  
  151  10:33  Photon Cannon  
  151  10:34  Photon Cannon  
  151  10:37  Void Ray (Chrono Boost)  
  151  10:38  Photon Cannon  
  151  10:40  Void Ray (Chrono Boost)  
  159  10:49  Gateway  
  159  10:54  Void Ray (Chrono Boost)  
  159  10:56  Dark Shrine  
  157  11:12  Photon Cannon x2  
  157  11:14  Photon Cannon  
  157  11:15  Gateway  
  157  11:16  Gateway  
  157  11:18  Void Ray  
  161  11:36  Gateway  
  161  11:39  Gateway  
  161  11:45  Pylon, Warp Prism  
  163  11:58  Void Ray (Chrono Boost)  
  163  11:59  Void Ray (Chrono Boost)  
  161  12:09  Dark Templar x3  
  161  12:10  Dark Templar  
  161  12:12  Zealot x3  
  161  12:13  Archon  
  161  12:14  Archon  
  179  12:25  Void Ray (Chrono Boost)  
  179  12:32  Gateway  
  179  12:39  Void Ray  
  179  12:40  Dark Templar x2  
  187  12:57  Archon  
  187  13:03  Dark Templar x2  
  187  13:04  Zealot x4  
  199  13:09  Archon  
  151  13:20  Dark Templar x2  
  151  13:21  Zealot  
  151  13:25  Archon  
  157  13:27  Zealot x3  
  157  13:29  Zealot x2  
  167  13:40  Dark Templar  
  167  13:41  Zealot x2  
  173  13:52  Dark Templar  
  173  13:55  Nexus  
  175  13:57  Pylon, Dark Templar  
  175  13:58  Archon  
  175  13:59  Zealot  
  175  14:00  Zealot x2  
  183  14:09  Dark Templar  
  185  14:10  Zealot  
  185  14:11  Zealot x2  
  185  14:12  Archon  
Tags
 
Add a new tag
Caveats
  • Supply blocks, unpowered buildings, or Contaminate may cause inaccurate times.
  • Supply counts are checked every 10 seconds.